 Dungeon Crawl Stone Soup version 0.14-a0-1653-g0ad7a2c (webtiles) character file.

132 M4edhros the Ducker (level 4, 0/31 HPs)
             Began as an Octopode Chaos Knight on Dec 28, 2013.
             Was a Plaything of Xom.
             Succumbed to a kobold's curare-tipped needle
             ... on Level 3 of the Dungeon.
             The game lasted 00:01:51 (1457 turns).

M4edhros the Ducker (Octopode Chaos Knight)         Turns: 1457, Time: 00:01:51

HP   0/31        AC  1     Str 11      XL: 4   Next: 92%
MP   4/4         EV 14     Int 15      God: Xom
Gold 21          SH  0     Dex 11      Spells:  0 memorised,  3 levels left

rFire  . . .     SeeInvis .     a - +0 spear (chaos)
rCold  . . .     Clarity  .     (no shield)
rNeg   . . .     Conserve +     (helmet restricted)
rPois  .         rCorr    .     p - amulet of conservation
rElec  .         rRot     .     (no ring)
SustAb . .       Spirit   .     (no ring)
rMut   .         Warding  .     (no ring)
Saprov . . .     Stasis   .     (no ring)
                                (no ring)
                                (no ring)
                                (no ring)
                                (no ring)

@: mildly poisoned, very slightly contaminated, hasted, very quick, slightly
resistant to hostile enchantments, fairly stealthy
A: almost no armour, amphibious, 8 rings, constrict 8, camouflage 1, gelatinous
body 1
a: Renounce Religion


You were on level 3 of the Dungeon.
You worshipped Xom.
You were a toy of Xom.
You were near starving.

You visited 1 branch of the dungeon, and saw 3 of its levels.

You collected 21 gold pieces.

Inventory:

Hand weapons
 a - a +0,+0 spear of chaos (weapon)
 f - a +0 blowgun
Missiles
 e - 8 curare-tipped needles
Magical devices
 g - a wand of random effects (13)
 q - a wand of paralysis (5) {unknown}
Comestibles
 b - 3 meat rations
 c - 4 bread rations
 d - an apricot
Scrolls
 i - 2 scrolls of blinking
 l - a scroll of remove curse
 m - 2 scrolls of curse armour {unknown}
 o - a scroll of random uselessness {unknown}
Jewellery
 h - an uncursed amulet of clarity {unknown}
 j - an uncursed ring of hunger
 p - an amulet of conservation (around mantle)


   Skills:
 - Level 3.0 Fighting
 - Level 3.0 Polearms
 + Level 5.1 Dodging


You had 3 spell levels left.
You didn't know any spells.

Dungeon Overview and Level Annotations

Branches:
Dungeon (3/16)

Altars:
the Shining One


Innate Abilities, Weirdness & Mutations

You cannot wear most types of armour.
You are amphibious.
You can wear up to eight rings at the same time.
You can use your tentacles to constrict many enemies at once.
Your skin changes colour to match your surroundings (Stlth).
Your rubbery body absorbs attacks (AC +1).


Message History

* * * LOW HITPOINT WARNING * * *
You feel sick.
You see here a curare-tipped needle.
* * * LOW HITPOINT WARNING * * *
You feel sick.
Items here: %%%%% ( ))
You see here a curare-tipped needle.
e - a curare-tipped needle You feel yourself speed up.
* * * LOW HITPOINT WARNING * * *
You feel sick.
You feel a little better.
* * * LOW HITPOINT WARNING * * *
You feel sick.
Items here: %%%%% ( ))
There are several objects here.
Pick up an uncursed dagger? ((y)es/(n)o/(a)ll/(m)enu/*?g,/q)
f - an uncursed blowgun;
e - 8 curare-tipped needles (gained 7)
You die...
Xom howls with laughter!

#.. #.# ##.##
######...#
..... .>.
...# ... #..#
#.# # #..#
#.# #.###..#
#@#
#......###.#
#..>.....#
.....##.#####
# ##.# ##..#
#...# #.....#
...........


There were no monsters in sight!

Vanquished Creatures
  Jessica (D:2)
  5 adders
  An inept feature mimic (D:2)
  A giant gecko (D:1)
  An ooze (D:2)
  An orc (D:3)
  6 bats
  3 giant cockroaches (D:1)
  5 hobgoblins (D:1)
  4 jackals (D:3)
  A giant newt (D:1)
  5 goblins
  4 kobolds
  3 rats
41 creatures vanquished.

Notes
Turn   | Place    | Note
--------------------------------------------------------------
     0 | D:1      | M4edhros, the Octopode Chaos Knight, began the quest for the Orb.
     0 | D:1      | Reached XP level 1. HP: 16/16 MP: 1/1
   100 | D:1      | Reached XP level 2. HP: 18/21 MP: 2/2
   583 | D:2      | Found a glowing golden altar of the Shining One.
   598 | D:2      | Reached XP level 3. HP: 26/26 MP: 3/3
   631 | D:2      | Noticed Jessica
   639 | D:2      | Killed Jessica
   639 | D:2      | Reached skill level 4 in Dodging
   643 | D:2      | XOM: silly message
   721 | D:2      | Reached XP level 4. HP: 26/31 MP: 4/4
  1046 | D:2      | XOM: give mutations
  1046 | D:2      | Gained mutation: You are agile. (Dex +2) [Xom's grace]
  1046 | D:2      | Gained mutation: You can spit poison. [Xom's grace]
  1046 | D:2      | Gained mutation: Your muscles are strong. (Str +2) [Xom's grace]
  1182 | D:2      | XOM: vitrification
  1437 | D:3      | Reached skill level 5 in Dodging
  1442 | D:3      | Lost mutation: You can spit poison. [potion of cure mutation]
  1442 | D:3      | Lost mutation: Your muscles are strong. (Str +2) [potion of cure mutation]
  1442 | D:3      | Lost mutation: You are agile. (Dex +2) [potion of cure mutation]
  1456 | D:3      | HP: 1/31 [poisoned by a kobold (curare-tipped needle)]
  1457 | D:3      | Succumbed to a kobold's curare-tipped needle

Action                   |  1- 3 |  4- 6 || total
-------------------------+-------+-------++-------
Melee: Spear             |    64 |    39 ||   103
Evoke: Wand              |     1 |       ||     1
  Use: Scroll            |     1 |     8 ||     9
       Potion            |       |     2 ||     2
 Stab: Sleeping          |     2 |     2 ||     4
       Distracted        |       |     1 ||     1
